[Event "*** SCC Grand Prix: Titled Tuesday Blitz"]
[Site "Chess.com"]
[Date "2020.07.21"]
[Round "6"]
[White "SilviusTiberius"]
[Black "nrvignesh"]
[Result "0-1"]
[WhiteElo "2502"]
[BlackElo "2771"]
[TimeControl "180+1"]
[EndTime "11:06:17 PDT"]
[Termination "nrvignesh won by resignation"]

1. e4 c5 2. Nf3 d6 3. d4 cxd4 4. Nxd4 Nf6 5. Nc3 a6 6. Bg5 e6 7.
f4 h6 8. Bh4 Qb6 9. Qd2 Qxb2 10. Rb1 Qa3 11. e5 dxe5 12. fxe5 Nd5 13. Nxd5 exd5 14.
e6 Bxe6 15. Nxe6 fxe6 16. Bd3 Be7 17. Bg6+ Kd8 18. Bxe7+ Qxe7 19. O-O Nd7 20. Rxb7 Qc5+ 21. Kh1 Ra7 22. Rxa7 Qxa7 23. Qc3 Rf8 24. Rb1 Rf6 25. Bd3 Qc5 26. Qe1 Ke7 27. h3 e5 28. Qg3 e4 29.
Be2 Qf2 30. Qxg7+ Rf7 31. Qg4 Nf6 32. Rb7+ Kf8 33. Qc8+ Kg7 34. Bxa6 Rxb7 35. Bxb7 e3 36.
Qc7+ Kg6 37. Qb6 Qf1+ 38. Kh2 Qf4+ 39. Kh1 e2 0-1

[Event "*** SCC Grand Prix: Titled Tuesday Blitz"]
[Site "Chess.com"]
[Date "2020.07.21"]
[Round "6"]
[White "Savva09022009"]
[Black "Susal_De_Silva"]
[Result "0-1"]
[WhiteElo "2429"]
[BlackElo "2322"]
[TimeControl "180+1"]
[EndTime "11:06:18 PDT"]
[Termination "Susal_De_Silva won by checkmate"]

1. d4 Nf6 2. Nc3 d5 3. Bf4 e6 4.
e3 a6 5. Nf3 Bd6 6. Bxd6 Qxd6 7. Bd3 O-O 8. O-O Nbd7 9. e4 dxe4 10. Nxe4 Nxe4 11. Bxe4 Nf6 12. Bd3 b6 13. Qe2 Bb7 14. c3 Nd5 15. Qd2 Nf4 16. Qe3 Nxd3 17. Qxd3 Rad8 18.
Qe3 Rfe8 19. Ne5 f6 20. Nf3 Bxf3 21. Qxf3 e5 22. Rad1 e4 23. Qe2 f5 24. Qxa6 f4 25.
Qc4+ Kh8 26. Rfe1 Re7 27. Rd2 Rde8 28. Rde2 f3 29. Re3 Qg6 30. g3 Qf5 31. d5 Re5 32. Rd1 h5 33. h4 g5 34. hxg5 h4 35. Qf1 Qg4 36. Kh2 hxg3+ 37. fxg3 Kg7 38. Qe1 Rh8+ 39. Kg1 Rh1+ 40. Kf2 Rxe1 41. Rdxe1 Qh3 42. Rg1 Qh2+ 43. Kf1 Qd2 44. Re1 e3 45. Rh1 Qf2# 0-1

[Event "*** SCC Grand Prix: Titled Tuesday Blitz"]
[Site "Chess.com"]
[Date "2020.07.21"]
[Round "6"]
[White "DonPreuss"]
[Black "vovachesss"]
[Result "0-1"]
[WhiteElo "2165"]
[BlackElo "2576"]
[TimeControl "180+1"]
[EndTime "11:06:19 PDT"]
[Termination "vovachesss won by resignation"]

1. d4 d5 2. e4 dxe4 3. Nc3 Nf6 4. f3 e5 5. dxe5 Qxd1+ 6. Kxd1 Nfd7 7. Nd5 Kd8 8. Bg5+ f6 9. exf6 gxf6 10. Nxf6 h6 11. Nxd7+ hxg5 12. Nxf8 Rxf8 13. Bc4 Bf5 14. Kd2 Nc6 15.
Rd1 Ke7 16. fxe4 Rad8+ 17. Kc1 Rxd1+ 18. Kxd1 Bxe4 19. Nf3 Bxf3+ 20. gxf3 Rxf3 21. Rg1 Kf6 22. Rf1 Ne5 23. Be2 Rxf1+ 24. Bxf1 Kf5 25. Ke2 Kf4 26. Kf2 Ng4+ 27. Kg1 Ke3 28. Kg2 Kd2 29. Kg3 Ne3 30. Bd3 Nxc2 31. Bxc2 Kxc2 32. b4 a5 33. b5 c5 34.
bxc6 bxc6 35. Kg4 c5 36. Kxg5 c4 37. h4 c3 38. h5 Kb2 39. h6 c2 40. h7 c1=Q+ 0-1

[Event "*** SCC Grand Prix: Titled Tuesday Blitz"]
[Site "Chess.com"]
[Date "2020.07.21"]
[Round "6"]
[White "monalize"]
[Black "IANOV0007"]
[Result "0-1"]
[WhiteElo "2270"]
[BlackElo "2422"]
[TimeControl "180+1"]
[EndTime "11:06:20 PDT"]
[Termination "IANOV0007 won on time"]

1. e4 d6 2. d4 Nf6 3. Nc3 c6 4. a4 Qa5 5. Bd3 e5 6. Ne2 Nbd7 7. O-O Be7 8. h3 O-O 9. Be3 Re8 10. Re1 Bf8 11. Qd2 Qc7 12. a5 g6 13. Ng3 Bg7 14.
Bc4 Nf8 15. Qd3 Ne6 16. d5 Nf4 17. Bxf4 exf4 18. Nge2 Nd7 19. Nxf4 Ne5 20. Qf1 Bd7 21. Bb3 Rad8 22. Qe2 a6 23. dxc6 Bxc6 24. Ncd5 Qb8 25. c3 Nd7 26. Qf3 Ne5 27. Qd1 Rd7 28. Nb6 Rdd8 29.
Bd5 Qc7 30. Qb3 Bh6 31. Ne2 Nd3 32. Red1 Nc5 33. Qc2 Nxe4 34. Nd4 Nf6 35. Bb3 d5 36. Qd3 Ne4 37. Re1 Nc5 38. Qc2 Bg7 39. Red1 Ne4 40.
Ba2 Qf4 41. Rd3 Qg5 42. Rad1 Nc5 43. Rg3 Qe7 44. Re3 Qd6 0-1

[Event "*** SCC Grand Prix: Titled Tuesday Blitz"]
[Site "Chess.com"]
[Date "2020.07.21"]
[Round "6"]
[White "SanchezKelvin"]
[Black "Vision_64"]
[Result "1-0"]
[WhiteElo "2396"]
[BlackElo "2213"]
[TimeControl "180+1"]
[EndTime "11:06:23 PDT"]
[Termination "SanchezKelvin won by resignation"]

1. d4 Nf6 2. c4 e6 3. Nf3 b6 4. g3 Bb7 5. Bg2 c5 6. d5 exd5 7. Nh4 d6 8. O-O g6 9. Nc3 Bg7 10.
Nxd5 Nxd5 11. Bxd5 Bxd5 12. Qxd5 Nd7 13. Qxd6 Qe7 14.
Qxe7+ Kxe7 15. Bg5+ f6 16. Be3 Ne5 17. b3 Rad8 18.
Rad1 Rxd1 19. Rxd1 Rd8 20. Rxd8 Kxd8 21. Ng2 g5 22.
Bd2 Nc6 23. Bc3 Ke7 24. Ne3 Ke6 25. Nd5 Ne5 26. Nc7+ Kd7 27. Bxe5 fxe5 28. Nd5 e4 29. f4 exf3 30. exf3 Ke6 31. Kf2 Bd4+ 32. Ke2 Ke5 33. Kd3 h5 34. h3 Bf2 35. g4 h4 36. Ke2 Bd4 37. f4+ gxf4 38. Kf3 Bb2 39. Nxf4 Kf6 40. Nd5+ Kg5 41. Ke4 Bd4 42. b4 Bg1 43. b5 Bd4 44. Ne7 Bg1 45. Nc8 Kf6 46. Nxa7 Ke7 47. Nc8+ Kd8 48.
Nxb6 Kc7 49. Nd5+ Kb7 50. g5 Bd4 51. g6 Ka7 52. Nc7 Kb7 53. Ne6 1-0

[Event "*** SCC Grand Prix: Titled Tuesday Blitz"]
[Site "Chess.com"]
[Date "2020.07.21"]
[Round "6"]
[White "tandaleo"]
[Black "elohunter1999"]
[Result "0-1"]
[WhiteElo "2316"]
[BlackElo "2476"]
[TimeControl "180+1"]
[EndTime "11:06:24 PDT"]
[Termination "elohunter1999 won by checkmate"]

1. d4 Nf6 2. c4 g6 3. Nc3 d5 4. cxd5 Nxd5 5. Na4 Bg7 6. e4 Nb6 7. Nxb6 axb6 8. Be3 O-O 9. Bc4 c5 10. Ne2 Nc6 11.
dxc5 bxc5 12. O-O Qb6 13. Rb1 Bg4 14. f3 Rfd8 15. Qc2 Bd7 16. a3 Ne5 17. Bd5 e6 18. Ba2 Ba4 19. Qxc5 Qxc5 20. Bxc5 Nd3 21. Be3 Bc2 22.
Bc4 Bxb1 23. Rxb1 Nxb2 24. Bb5 Rxa3 25. Bf2 Rd1+ 26. Rxd1 Nxd1 27. Nf4 Ra1 28. Bf1 b5 29. Bc5 b4 30. Bxb4 Bd4+ 31. Kh1 Nf2+ 32. Kg1 Nh3+ 33. Kh1 Rxf1# 0-1

[Event "*** SCC Grand Prix: Titled Tuesday Blitz"]
[Site "Chess.com"]
[Date "2020.07.21"]
[Round "6"]
[White "Eternauta2400"]
[Black "dpopadic"]
[Result "1-0"]
[WhiteElo "2562"]
[BlackElo "2376"]
[TimeControl "180+1"]
[EndTime "11:06:26 PDT"]
[Termination "Eternauta2400 won by resignation"]

1. c4 Nf6 2. Nc3 g6 3. e4 d6 4. d4 Bg7 5. Nf3 O-O 6. Be2 e5 7. d5 a5 8. Bg5 h6 9. Be3 Na6 10. Nd2 Nd7 11. O-O Nac5 12. Rb1 a4 13. b4 axb3 14. axb3 Nf6 15. b4 Ncd7 16. c5 Ne8 17.
Nc4 Qe7 18. c6 Ndf6 19. b5 b6 20. Bxb6 cxb6 21. Nxb6 Rb8 22. Nxc8 Rxc8 23. b6 Kh7 24. Ra1 Qd8 25. Qb3 Rb8 26. Rfb1 Nh5 27. Ra7 Qg5 28.
Bf1 Nf4 29. g3 h5 30. c7 Rc8 31. b7 Nxc7 32. bxc8=Q Rxc8 33. Qc4 Qd8 34. gxf4 exf4 35.
Qd3 Qf6 36. Ne2 f3 37. Ng3 h4 38.
Rbb7 hxg3 39. hxg3 Qd8 40. Qxf3 Kg8 41. Bh3 Ra8 42.
Rxc7 f5 43. Rxg7+ 1-0

[Event "*** SCC Grand Prix: Titled Tuesday Blitz"]
[Site "Chess.com"]
[Date "2020.07.21"]
[Round "6"]
[White "Quattroporte300"]
[Black "ehrenfeld"]
[Result "1-0"]
[WhiteElo "2349"]
[BlackElo "2503"]
[TimeControl "180+1"]
[EndTime "11:06:28 PDT"]
[Termination "Quattroporte300 won on time"]

1. e4 e5 2. Nf3 Nc6 3. Bb5 a6 4. Ba4 Nf6 5. O-O Be7 6. d3 b5 7. Bb3 d6 8. c3 O-O 9. Re1 Na5 10. Bc2 c5 11. Nbd2 Re8 12. Nf1 h6 13. Ng3 Bf8 14.
h3 Nc6 15. d4 cxd4 16. cxd4 exd4 17. Nxd4 Nxd4 18. Qxd4 Be6 19. Bf4 d5 20. e5 Nd7 21.
Rad1 Qb6 22. Qd3 g6 23. Bb3 Rad8 24. Qf3 Nc5 25. Bxd5 Bxd5 26. Rxd5 Rxd5 27. Qxd5 Rd8 28. Qf3 Nd3 29. Re2 Qd4 30. Be3 Nxe5 31. Qb7 Qd1+ 32. Kh2 Nd3 33. Rd2 Qb1 34. Qb6 Rd6 35. Qb8 Kg7 36. Bxh6+ 1-0

[Event "*** SCC Grand Prix: Titled Tuesday Blitz"]
[Site "Chess.com"]
[Date "2020.07.21"]
[Round "6"]
[White "Omk124"]
[Black "NotFischer"]
[Result "1-0"]
[WhiteElo "2351"]
[BlackElo "2250"]
[TimeControl "180+1"]
[EndTime "11:06:28 PDT"]
[Termination "Omk124 won on time"]

1. Nf3 Nf6 2. g3 d6 3. Bg2 g6 4.
O-O Bg7 5. d4 O-O 6. c4 c6 7.
Nc3 Nbd7 8. e4 Qc7 9. Be3 e5 10. h3 Re8 11. Re1 exd4 12. Nxd4 Nc5 13. Qc2 a5 14.
Rad1 Bd7 15. Bc1 Rad8 16. a3 h6 17. b4 axb4 18. axb4 Ne6 19. Be3 Nxd4 20. Bxd4 Be6 21. c5 dxc5 22. Bxc5 Rxd1 23. Rxd1 Rd8 24. Na4 Nd7 25.
Be3 Kh7 26. b5 Ne5 27. Rxd8 Qxd8 28. b6 Nc4 29. Bc5 Bd4 30. h4 Bxc5 31. Nxc5 Nxb6 32. Nxb7 Qc7 33. Nc5 Bc4 34. Na4 Bb5 35. Nc5 Qe7 36.
h5 Nc4 37. hxg6+ fxg6 38. Nd3 Ne5 39. Nf4 Qf6 40. Qc5 h5 41. Qa7+ Kh6 42. Qc7 g5 43.
Nh3 Nf3+ 44. Bxf3 Qxf3 45. Qd6+ Kg7 46. Nxg5 Qe2 47. Qe5+ Kf8 48. Ne6+ 1-0

[Event "*** SCC Grand Prix: Titled Tuesday Blitz"]
[Site "Chess.com"]
[Date "2020.07.21"]
[Round "6"]
[White "Reader777"]
[Black "26andrej26"]
[Result "1-0"]
[WhiteElo "2665"]
[BlackElo "2527"]
[TimeControl "180+1"]
[EndTime "11:06:29 PDT"]
[Termination "Reader777 won on time"]

1. d4 Nf6 2. c4 g6 3. Nc3 Bg7 4.
e4 d6 5. f4 O-O 6. Nf3 c5 7. d5 e6 8. Be2 exd5 9. cxd5 Bg4 10. e5 Ne8 11. Ng5 Bxe2 12. Qxe2 h6 13. e6 hxg5 14.
e7 Qa5 15. exf8=Q+ Kxf8 16. O-O gxf4 17. Bxf4 Nd7 18. Rae1 Ne5 19. Ne4 Kg8 20. Bxe5 Bxe5 21.
Qf3 f5 22. Ng5 Nf6 23. Qh3 Qc7 24. Nf3 Ng4 25. Nxe5 Nxe5 26. Qg3 Qg7 27. h4 Rf8 28.
Qg5 Qf6 29. Qg3 Qg7 30. Re2 Qh6 31. Rfe1 f4 32. Qh3 f3 33. Qe6+ Kh8 34. Rf2 Qxh4 35.
Qxd6 Rf5 36. Rxe5 1-0

[Event "*** SCC Grand Prix: Titled Tuesday Blitz"]
[Site "Chess.com"]
[Date "2020.07.21"]
[Round "6"]
[White "m_ezat"]
[Black "Funo09"]
[Result "0-1"]
[WhiteElo "2575"]
[BlackElo "2766"]
[TimeControl "180+1"]
[EndTime "11:06:33 PDT"]
[Termination "Funo09 won on time"]

1. d4 Nf6 2. c4 Nc6 3. Nf3 d6 4. Nc3 Bg4 5. d5 Nb8 6. Nd4 g6 7.
Qb3 Qc8 8. h3 Bd7 9. Qd1 Bg7 10.
Nb3 O-O 11. e4 a5 12. Be2 a4 13. Nd4 Na6 14. O-O Nc5 15. Bf3 c6 16. Re1 Qc7 17. Bf4 Qb6 18. Qd2 Qb4 19. Rac1 Rfe8 20. e5 dxe5 21.
Bxe5 Rac8 22. d6 Rcd8 23. a3 Qxc4 24. dxe7 Rxe7 25. Nd5 cxd5 26. Rxc4 dxc4 27. Bc7 Rxe1+ 28. Qxe1 Re8 29. Qb4 Nfe4 30. Ne2 b5 31. Bb6 Bf8 0-1

[Event "*** SCC Grand Prix: Titled Tuesday Blitz"]
[Site "Chess.com"]
[Date "2020.07.21"]
[Round "6"]
[White "Lagmantr"]
[Black "dolynachess"]
[Result "1-0"]
[WhiteElo "2632"]
[BlackElo "2459"]
[TimeControl "180+1"]
[EndTime "11:06:33 PDT"]
[Termination "Lagmantr won by resignation"]

1. e4 c5 2. Nf3 d6 3. d4 cxd4 4. Nxd4 Nf6 5. Nc3 a6 6. Be3 e5 7. Nb3 Be6 8. f3 h5 9. Qd2 Be7 10. Nd5 Bxd5 11. exd5 Nbd7 12. c4 Qc7 13. Bd3 a5 14.
O-O O-O 15. Kh1 a4 16. Nc1 Nc5 17. Bc2 Rfc8 18. Ne2 Ncd7 19. b3 b5 20. Rac1 axb3 21. axb3 Ra2 22. Bh7+ Kxh7 23. Qxa2 Qb7 24. Nc3 bxc4 25. bxc4 Nc5 26. Qc2+ g6 27. Ne4 Ncxe4 28. fxe4 Kg7 29. Qf2 Rf8 30. Qf3 Ng4 31. c5 dxc5 32.
Bxc5 f5 33. d6 fxe4 34. dxe7 Rxf3 35. e8=Q 1-0

[Event "*** SCC Grand Prix: Titled Tuesday Blitz"]
[Site "Chess.com"]
[Date "2020.07.21"]
[Round "6"]
[White "Ladislav1969"]
[Black "m-garcett"]
[Result "1-0"]
[WhiteElo "2330"]
[BlackElo "2041"]
[TimeControl "180+1"]
[EndTime "11:06:33 PDT"]
[Termination "Ladislav1969 won by resignation"]

1. e4 c5 2. d4 cxd4 3. c3 dxc3 4. Nxc3 d6 5. Nf3 h6 6. Bc4 e6 7. O-O a6 8. Qe2 Ne7 9. Rd1 Nbc6 10. Bf4 Ng6 11.
Bxd6 Bxd6 12. e5 Ncxe5 13. Nxe5 Nxe5 14. Ne4 Nxc4 15. Qxc4 O-O 16. Nxd6 Qf6 17. Qb4 b5 18. Rac1 Rb8 19. Rc7 a5 20. Qxa5 Qxb2 21. Qa7 Qe2 22. Rdc1 Qd2 23. Nxc8 Rbxc8 24. Rxc8 Rxc8 25. Rxc8+ Kh7 26. h4 Qc1+ 27. Rxc1 1-0

[Event "*** SCC Grand Prix: Titled Tuesday Blitz"]
[Site "Chess.com"]
[Date "2020.07.21"]
[Round "6"]
[White "LuckSlayeer"]
[Black "NikolaGry"]
[Result "0-1"]
[WhiteElo "2421"]
[BlackElo "2643"]
[TimeControl "180+1"]
[EndTime "11:06:34 PDT"]
[Termination "NikolaGry won by checkmate"]

1. Nf3 c5 2. c4 b6 3. g3 Bb7 4. Bg2 Nf6 5. O-O e6 6. Nc3 Be7 7. d4 cxd4 8. Qxd4 d6 9. Rd1 a6 10. b3 Nbd7 11. Ba3 Nc5 12. Ne1 Bxg2 13. Nxg2 O-O 14. Ne3 Qc7 15. Bb2 Rfd8 16. Ng4 Qb7 17. Rac1 Kh8 18. Nxf6 Bxf6 19. Qd2 Qe7 20. f3 Rac8 21. e4 Bg5 22. f4 Bf6 23. Qe3 Qb7 24.
b4 Nd7 25. Rxd6 Be7 26. Rd3 Bxb4 27. Kg2 Nc5 28. Rxd8+ Rxd8 29. Re1 Rd3 30. Qc1 Bxc3 31. Bxc3 Nxe4 32. Be5 Ng5+ 33. Kf2 Qf3+ 34. Kg1 Nh3# 0-1

[Event "*** SCC Grand Prix: Titled Tuesday Blitz"]
[Site "Chess.com"]
[Date "2020.07.21"]
[Round "6"]
[White "Alberquintin"]
[Black "Falia-p"]
[Result "1-0"]
[WhiteElo "2488"]
[BlackElo "2320"]
[TimeControl "180+1"]
[EndTime "11:06:35 PDT"]
[Termination "Alberquintin won by resignation"]

1. c4 e5 2. Nc3 Nf6 3. Nf3 Nc6 4. g3 d5 5. cxd5 Nxd5 6. Bg2 Nb6 7. O-O Be7 8. d3 O-O 9. a3 a5 10. Be3 Be6 11. Na4 f6 12. Rc1 Rf7 13. Nxb6 cxb6 14. Nd2 Bf8 15. Qa4 Nd4 16. Bxd4 exd4 17. Qb5 Bc5 18.
b4 axb4 19. axb4 Bf8 20. Nc4 Ra2 21. Bf3 Bxc4 22. Qxc4 Rb2 23. Bd5 Qe7 24. Bxf7+ Qxf7 25. Qxf7+ Kxf7 26. Rc4 Rxe2 27. Rxd4 Rb2 28. Rc1 Bxb4 29.
Rc7+ Kg6 30. Rxb7 Bc5 31. Rf4 Rd2 32. Rd7 b5 33. Rd5 Rc2 34. d4 Ba3 35. Rxb5 Bc1 36.
Rg4+ Kf7 37. Rb7+ Ke6 38. Rgxg7 Be3 39. fxe3 Kd5 40. Rge7 1-0

[Event "*** SCC Grand Prix: Titled Tuesday Blitz"]
[Site "Chess.com"]
[Date "2020.07.21"]
[Round "6"]
[White "Logman74"]
[Black "MagnusSeinFanboy"]
[Result "0-1"]
[WhiteElo "2332"]
[BlackElo "2522"]
[TimeControl "180+1"]
[EndTime "11:06:35 PDT"]
[Termination "MagnusSeinFanboy won by checkmate"]

1. d4 Nf6 2. Bg5 d5 3. Bxf6 exf6 4. Nd2 Bd6 5. e3 O-O 6. Bd3 c6 7. Ngf3 Nd7 8. O-O Nb6 9. c4 dxc4 10. Nxc4 Nxc4 11.
Bxc4 Bf5 12. a3 Qe7 13. b4 a5 14. bxa5 Rxa5 15. a4 Rfa8 16. Qb3 g6 17. Nd2 Qc7 18.
h3 b5 19. Be2 Rxa4 20. Rac1 Qd7 21. d5 Rb4 22. dxc6 Qe7 23. Qd5 Be6 24. Qf3 f5 25.
c7 Rc8 26. Rb1 Rxb1 27. Rxb1 Bxc7 28. Bxb5 Qd6 29. Nf1 Bd5 30. Qe2 Rb8 31. Rd1 Qe5 32. Bc4 Bc6 33. Qa2 Rb2 34. Bxf7+ Kg7 35. Qc4 Bb5 36.
Qd5 Bxf1 37. Kxf1 Qh2 38. g3 Qxf2# 0-1

[Event "*** SCC Grand Prix: Titled Tuesday Blitz"]
[Site "Chess.com"]
[Date "2020.07.21"]
[Round "6"]
[White "Margarita2907"]
[Black "MendozaDavid2000"]
[Result "1-0"]
[WhiteElo "2105"]
[BlackElo "2265"]
[TimeControl "180+1"]
[EndTime "11:06:35 PDT"]
[Termination "Margarita2907 won on time"]

1. e4 c5 2. Nf3 d6 3. d4 cxd4 4. Nxd4 Nf6 5. Nc3 a6 6. Be2 e5 7. Nb3 Be6 8. O-O Nbd7 9. Be3 Qc7 10. Qd3 b5 11. Nd5 Bxd5 12. exd5 Be7 13. a4 e4 14. Qd2 Qb7 15. axb5 axb5 16. Rxa8+ Qxa8 17. Bxb5 Qxd5 18. Bxd7+ Kxd7 19. Qb4 Rc8 20. Nd4 Qc4 21. Qb7+ Rc7 22. Qb6 Nd5 23. Qa5 Nxe3 24. fxe3 Bf6 25. c3 Bxd4 26. cxd4 g6 27. Qg5 f5 28. Qf6 Qe6 29. Qg7+ Qe7 30. Qg8 Rc8 31. Qd5 Qe6 32. Qb7+ Rc7 33. Qb5+ Ke7 34. Ra1 Qc4 35. Qb8 Kf7 36.
Qh8 1-0

[Event "*** SCC Grand Prix: Titled Tuesday Blitz"]
[Site "Chess.com"]
[Date "2020.07.21"]
[Round "6"]
[White "bazar-wokzal"]
[Black "chesslh19"]
[Result "0-1"]
[WhiteElo "2412"]
[BlackElo "2175"]
[TimeControl "180+1"]
[EndTime "11:06:36 PDT"]
[Termination "chesslh19 won on time"]

1. e4 c5 2. c3 Nf6 3. e5 Nd5 4. d4 cxd4 5. cxd4 d6 6. Bc4 Nb6 7. Bb3 Nc6 8. e6 fxe6 9. Nf3 g6 10. O-O Bg7 11. Re1 O-O 12. Nc3 h6 13. Be3 Kh7 14.
a3 d5 15. Bc2 Nc4 16. Nh4 Rf5 17.
g4 Rf6 18. b3 Nxe3 19. fxe3 Bd7 20. Qd3 Be8 21. Rf1 Bf7 22. Rxf6 exf6 0-1

[Event "*** SCC Grand Prix: Titled Tuesday Blitz"]
[Site "Chess.com"]
[Date "2020.07.21"]
[Round "6"]
[White "vinniethepooh"]
[Black "Crazy_girl99"]
[Result "1-0"]
[WhiteElo "2685"]
[BlackElo "2480"]
[TimeControl "180+1"]
[EndTime "11:06:37 PDT"]
[Termination "vinniethepooh won on time"]

1. d4 d5 2. c4 e6 3. Nc3 Nf6 4. cxd5 exd5 5. Bg5 Bb4 6. e3 Nbd7 7. Bd3 h6 8. Bh4 c5 9. Ne2 O-O 10. O-O Bxc3 11.
bxc3 b6 12. f3 Bb7 13. Bf2 Re8 14. Ng3 Qc7 15. Re1 Rad8 16. Rc1 Nf8 17. Bb1 Ne6 18. Qd3 a6 19. Nf5 Nf8 20. Bh4 Re6 21. g4 Ng6 22.
Bg3 Qd7 23. h4 Rde8 24. Kf2 Bc8 25. h5 Nf8 26. Bf4 N6h7 27. Rg1 a5 28. Rg3 Rf6 29. Rcg1 Kh8 30. Be5 1-0

[Event "*** SCC Grand Prix: Titled Tuesday Blitz"]
[Site "Chess.com"]
[Date "2020.07.21"]
[Round "6"]
[White "RaphCamora"]
[Black "HanSchut"]
[Result "1-0"]
[WhiteElo "2445"]
[BlackElo "2308"]
[TimeControl "180+1"]
[EndTime "11:06:37 PDT"]
[Termination "RaphCamora won on time"]

1. Nf3 c5 2. g3 Nc6 3. Bg2 Nf6 4. O-O d5 5. d4 cxd4 6. Nxd4 g6 7. c4 Bg7 8. cxd5 Nxd5 9. Nb5 a6 10. Qxd5 axb5 11. Qxb5 O-O 12. Nc3 Nd4 13. Qd3 Nb3 14. Rb1 Qxd3 15.
exd3 Nc5 16. Rd1 Bxc3 17. bxc3 Rxa2 18. Be3 Na4 19. Bd4 Rd8 20. Ra1 Rxa1 21. Rxa1 Nb2 22. Be4 f5 23. Bf3 Nxd3 24. Ra8 Re8 25. Bxb7 Bd7 26. Bd5+ Kf8 27. Ra7 Bb5 28. c4 Nb4 29.
cxb5 Nxd5 30. Be5 Rd8 31. Kg2 Kf7 32. Ra6 Nb4 33. Ra4 Nd3 34. Rd4 1-0

[Event "*** SCC Grand Prix: Titled Tuesday Blitz"]
[Site "Chess.com"]
[Date "2020.07.21"]
[Round "6"]
[White "SantoBlue"]
[Black "gena217"]
[Result "1-0"]
[WhiteElo "2741"]
[BlackElo "2892"]
[TimeControl "180+1"]
[EndTime "11:06:38 PDT"]
[Termination "SantoBlue won on time"]

1. e4 c6 2. d3 d5 3. Nf3 Qc7 4. g3 dxe4 5. dxe4 e5 6. Bg2 Nf6 7. O-O Be7 8. Nbd2 O-O 9. Nc4 Nbd7 10. Nh4 Nb6 11. Ne3 Rd8 12. Qe2 Be6 13. b3 a5 14.
a4 Bf8 15. Bb2 Nbd7 16. f4 exf4 17. gxf4 Nc5 18. Bxf6 gxf6 19. Nhf5 Kh8 20. Qh5 Bxf5 21. Nxf5 Ne6 22. Qh4 Bg7 23. Rf3 Rg8 24. Rh3 Nf8 25. Rf1 Rd8 26. e5 fxe5 27. fxe5 Bxe5 28. Nh6 Rd7 29. Nxg8 Kxg8 30. Be4 f6 31. Kh1 Rg7 32. Bd3 Qd7 33. Qc4+ Kh8 34. Rhf3 Qd6 35. Qh4 Ng6 36. Qe4 Qe7 37. Rg1 Nf8 38. Rxg7 Qxg7 39. Rf2 Ne6 40. Qf5 Qe7 41. Rg2 Nf8 42. Rg4 1-0

[Event "*** SCC Grand Prix: Titled Tuesday Blitz"]
[Site "Chess.com"]
[Date "2020.07.21"]
[Round "6"]
[White "Bigfish1995"]
[Black "ChessWarrior7197"]
[Result "0-1"]
[WhiteElo "3019"]
[BlackElo "2893"]
[TimeControl "180+1"]
[EndTime "11:06:39 PDT"]
[Termination "ChessWarrior7197 won by resignation"]

1. d4 d5 2. c4 e6 3. Nf3 Nf6 4. Nc3 c5 5. cxd5 exd5 6. g3 Nc6 7. Bg2 cxd4 8. Nxd4 Bc5 9. Nxc6 bxc6 10. O-O O-O 11.
Qc2 Bb6 12. Na4 Ba6 13. Nxb6 Qxb6 14. Be3 d4 15. Bg5 Nd5 16. Rfc1 Rac8 17. Bh3 Rc7 18.
Bg2 Rcc8 19. Bh3 Rb8 20. Qxc6 Qxc6 21. Rxc6 Bxe2 22. Rd6 Nb4 23. Rxd4 Nc2 24. Rd2 Nxa1 25. Rxe2 f6 26. Be3 Rfe8 27. b3 Rbd8 28. Kg2 g6 29.
Bg4 Kg7 30. Bf3 Rc8 31. Rd2 Re7 32. Bd1 Rcc7 33. Rb2 Red7 34. Bg4 f5 35. Bf3 Nc2 36. Bf4 Ne1+ 37. Kh3 Nxf3 38. Bxc7 Rxc7 39. Re2 Ng1+ 0-1

[Event "*** SCC Grand Prix: Titled Tuesday Blitz"]
[Site "Chess.com"]
[Date "2020.07.21"]
[Round "6"]
[White "sasko1234"]
[Black "SzMM19"]
[Result "1-0"]
[WhiteElo "2400"]
[BlackElo "2570"]
[TimeControl "180+1"]
[EndTime "11:06:39 PDT"]
[Termination "sasko1234 won on time"]

1. b3 c5 2. Bb2 Nc6 3. e3 d6 4.
Bb5 e5 5. d4 exd4 6. exd4 Qf6 7. Ne2 Ne7 8. O-O a6 9. Bd3 Bg4 10. f3 Bf5 11. Re1 O-O-O 12. a3 cxd4 13. Kh1 g6 14. b4 Bg7 15. b5 axb5 16. Bxb5 h5 17. a4 h4 18. Nd2 h3 19. g3 Bh6 20. Rf1 d5 21. Nb3 Qd6 22. Nexd4 Nxd4 23. Nxd4 Bd7 24.
a5 Rhe8 25. a6 bxa6 26. Bxa6+ Kb8 27. Nb5 Qb4 28. Be5+ 1-0

[Event "*** SCC Grand Prix: Titled Tuesday Blitz"]
[Site "Chess.com"]
[Date "2020.07.21"]
[Round "6"]
[White "jsl796"]
[Black "Efremov_Vlad"]
[Result "1-0"]
[WhiteElo "2885"]
[BlackElo "2192"]
[TimeControl "180+1"]
[EndTime "11:06:39 PDT"]
[Termination "jsl796 won by resignation"]

1. d4 d5 2. c4 e6 3. Nc3 Bb4 4. cxd5 exd5 5. Bf4 c5 6. dxc5 Nf6 7. e3 Nc6 8. Bb5 O-O 9. Bd6 Re8 10. Ne2 Ne4 11. O-O Nxd6 12. cxd6 Bxd6 13. Qxd5 Be6 14. Qh5 Qc7 15.
Rac1 a6 16. Bxc6 Qxc6 17. Nd4 Qb6 18. Nxe6 Rxe6 19. Qe2 Qa5 20. Rfd1 Qg5 21. Rxd6 Rxd6 22. Ne4 Qg6 23. Nxd6 Qxd6 24. g3 b5 25. Qf3 Rd8 26. Rc6 Qb4 27. Rc7 Rf8 28. b3 a5 29. Kg2 a4 30. Qd5 axb3 31. axb3 g6 32. Rb7 Kg7 33. Qe5+ Kg8 34. Rxb5 Qd2 35. Rb8 Qc2 36. Rxf8+ Kxf8 37. Qd5 Qb2 38. Qd8+ Kg7 39. Qd4+ Qxd4 40. exd4 Kf6 41. Kf3 Ke6 42. Ke4 f5+ 43. Kd3 Kd5 44. b4 Kc6 45.
Kc4 Kd6 46. d5 1-0

[Event "*** SCC Grand Prix: Titled Tuesday Blitz"]
[Site "Chess.com"]
[Date "2020.07.21"]
[Round "6"]
[White "chessfrendz"]
[Black "boasovietica"]
[Result "0-1"]
[WhiteElo "2252"]
[BlackElo "2419"]
[TimeControl "180+1"]
[EndTime "11:06:39 PDT"]
[Termination "boasovietica won by resignation"]

1. d4 Nf6 2. Nf3 g6 3. c4 Bg7 4. Nc3 O-O 5. e4 d6 6. Be2 Bg4 7. O-O Nfd7 8. Be3 c5 9. Rc1 Nc6 10. d5 Bxf3 11. Bxf3 Nd4 12. Bg4 a6 13. Ne2 Nxe2+ 14. Bxe2 b5 15. b3 b4 16. Qd2 a5 17.
Bh6 a4 18. Bxg7 Kxg7 19. bxa4 Rxa4 20. Bd1 Ra3 21. Bb3 Nb6 22. f4 Na4 23. Rf3 h6 24. f5 g5 25. f6+ exf6 26. Rcf1 Nc3 27. Qc2 Re8 28. Rxf6 Qxf6 29. Rxf6 Kxf6 30. Qf2+ Kg7 31. Qf5 Rxe4 32. Qd7 Nxa2 33. Bxa2 Rxa2 34. h4 b3 35. hxg5 hxg5 36. Qf5 Re5 37. Qb1 Ree2 38. Qxb3 Rxg2+ 39. Kf1 Rgc2 40. Qb1 Rf2+ 41. Kg1 Rg2+ 42. Kh1 Rh2+ 43.
Kg1 Rag2+ 44. Kf1 Rh1+ 0-1

[Event "*** SCC Grand Prix: Titled Tuesday Blitz"]
[Site "Chess.com"]
[Date "2020.07.21"]
[Round "6"]
[White "vanea_03"]
[Black "TigrVShlyape"]
[Result "0-1"]
[WhiteElo "2708"]
[BlackElo "2860"]
[TimeControl "180+1"]
[EndTime "11:06:40 PDT"]
[Termination "TigrVShlyape won by resignation"]

1. d4 Nf6 2. c4 g6 3. g3 Bg7 4.
Bg2 O-O 5. Nc3 d6 6. Nf3 Nc6 7. O-O e5 8. dxe5 dxe5 9. Bg5 Be6 10. Nd2 Qc8 11. Nd5 Nd7 12. b4 h6 13. Be3 Re8 14.
a3 Nd8 15. Ne4 f5 16. Nc5 c6 17. Nxe6 Nxe6 18. Nc3 e4 19. Rc1 a5 20. b5 Ne5 21.
Qb3 Ng4 22. Bb6 Kh7 23. Rfd1 Re7 24. h3 Ne5 25. Be3 Qf8 26. Na4 f4 27. gxf4 Nxf4 28. Bf1 Qf5 29. Kh2 Rf7 30. bxc6 bxc6 31. Nb6 Raf8 32. Bc5 Ng4+ 33. hxg4 Qxc5 34. Qe3 Qg5 35. Nd7 Qh4+ 36. Kg1 Rxd7 37. Rxd7 Qxg4+ 38. Kh1 Qxd7 0-1

[Event "*** SCC Grand Prix: Titled Tuesday Blitz"]
[Site "Chess.com"]
[Date "2020.07.21"]
[Round "6"]
[White "Duong57"]
[Black "LastHeroJr"]
[Result "1/2-1/2"]
[WhiteElo "2308"]
[BlackElo "2431"]
[TimeControl "180+1"]
[EndTime "11:06:40 PDT"]
[Termination "Game drawn by repetition"]

1. d4 Nf6 2. c4 g6 3. Nc3 Bg7 4. e4 d6 5. Nf3 O-O 6. Be2 e6 7. O-O c6 8. Re1 e5 9. Bf1 Qc7 10. b4 Bg4 11. d5 cxd5 12. Nxd5 Nxd5 13. cxd5 f5 14. h3 fxe4 15. Rxe4 Bxf3 16. gxf3 Nd7 17.
Be3 Nf6 18. Rc4 Qf7 19. Rac1 Nxd5 20. Re4 Nf6 21. Rec4 b6 22. Rc7 Qe6 23. R1c6 Kh8 24. Rxd6 Qxa2 25. Qc1 Rad8 26. Rxd8 Rxd8 27. Bh6 Nh5 28.
Bxg7+ Nxg7 29. Bc4 Qa4 30. Qh6 Qd1+ 31. Kg2 Rd7 32. Rc8+ Rd8 33. Rc7 Rd7 34. Rc8+ Rd8 35. Rc7 1/2-1/2